 Dungeon Crawl Stone Soup version 0.16.0-16-g311141a (webtiles) character file.

21 nubinia the Charlatan (level 2, -1/14 HPs)
             Began as a Spriggan Artificer on Mar 19, 2015.
             Slain by a goblin
             ... wielding a +0 dagger
             ... led by Robin
              (3 damage)
             ... on level 1 of the Dungeon.
             The game lasted 00:03:27 (930 turns).

nubinia the Charlatan (Spriggan Artificer)           Turns: 930, Time: 00:03:28

Health: -1/14      AC:  2    Str:  7    XL:     2   Next: 62%
Magic:  5/5        EV: 18    Int: 15    God:
Gold:   40         SH:  0    Dex: 16    Spells: 0 memorised, 1 level left

rFire  . . .     SeeInvis +     a - +0 short sword
rCold  . . .     Clarity  .     e - +0 robe
rNeg   . . .     SustAb   .     (shield restricted)
rPois  .         Gourm    .     (helmet restricted)
rElec  .         Spirit   .     (no cloak)
rCorr  .         Warding  .     (gloves unavailable)
rMut   .         Stasis   .     (boots unavailable)
MR     .....                    (no amulet)
Stlth  ++........               (no ring)
                                k - +2 ring of intelligence

@: very quick, not resistant to hostile enchantments, unstealthy
A: unfitting armour, see invisible, herbivore 3, speed 3, slow metabolism 2
a: no special abilities


You were on level 1 of the Dungeon.
You were not hungry.

You visited 1 branch of the dungeon, and saw 2 of its levels.

You collected 40 gold pieces.

Inventory:

Hand weapons
 a - a +0 short sword (weapon)
 b - a +0 hunting sling
Missiles
 i - 10 sling bullets
Armour
 e - a +0 robe (worn)
Jewellery
 k - a +2 ring of intelligence (left hand)
Magical devices
 c - a wand of enslavement (14)
 d - a wand of random effects (15)
 h - a wand of flame (15)
Potions
 g - a potion of cancellation {unknown}
 j - a potion of restore abilities {unknown}
 l - a potion of brilliance {unknown}
Comestibles
 f - 3 bread rations


   Skills:
 + Level 0.7 Fighting
 + Level 1.4 Short Blades
 + Level 3.2 Dodging
 + Level 2.0 Stealth
 + Level 5.0 Evocations


You had one spell level left.
You didn't know any spells.

Dungeon Overview and Level Annotations

Branches:
Dungeon (2/15)

Altars:

Annotations:
D:1 Robin


Innate Abilities, Weirdness & Mutations

You are tiny and cannot use many weapons and most armour.
You have supernaturally acute eyesight.
You are a herbivore.
You cover ground extremely quickly.
You need consume almost no food.


Message History

Found a stone staircase leading up.
There is a stone staircase leading up here.
The goblin hits you with a dagger. x2
The goblin hits you with a club. The goblin closely misses you.
The hobgoblin hits you with a club.
* * * LOW HITPOINT WARNING * * *
Robin roars a battlecry!
The goblins go into a battle-frenzy!
Robin hits you with an enchanted club.
* * * LOW HITPOINT WARNING * * *
You climb upwards.
There is a stone staircase leading down here.
Evoke which item? (* to show all) (? for menu, Esc to quit)
Zapping:
c - a wand of enslavement (15)
Press: ? - help, Shift-Dir - straight line, f - hobgoblin
Aim: a hobgoblin, wielding a club (consumed by blood-lust, chance 73%)
The hobgoblin is charmed.
This wand has 14 charges left.
The goblin misses you.
The goblin barely misses your hobgoblin.
The goblin hits you with a dagger.
You die...

#.####...........# #.#.#.#
##...÷...####.##..# #.#.#.#
.....÷##.# #.##..######.#.#.#
......+..# #..#.......#.#.#.#
......#### ##.#.#####.#.#.#.#
......# #...#...[.#.#.#.#
##'#### ##g.#.....#.#.#.# ##.#
#gg#.....#.#.#.#
##.############g@#.....#.#.#.#
##.#.........###g#...).#.#.#.#
##.#.........# #g#.....#.#.#.#
##.#.........# #.#.....#.#.#.#
...#.........###.#.....#.#.#.#
...#.......).....#....##.#.#.#
.#.########'######....##.#.#.#
.#.# #.####.......#<#...# ...#
#.##.....#.#.#######


You could see Robin, 4 goblins and a friendly hobgoblin (frenzied).

Vanquished Creatures
  A giant cockroach (D:1)
  3 goblins (D:1)
  2 hobgoblins (D:1)
  A jackal (D:1)
  4 kobolds (D:1)
  4 bats (D:1)
  3 giant newts (D:1)
  2 rats (D:1)
20 creatures vanquished.

Notes
Turn   | Place    | Note
--------------------------------------------------------------
     0 | D:1      | nubinia, the Spriggan Artificer, began the quest for the Orb.
     0 | D:1      | Reached XP level 1. HP: 9/9 MP: 2/2
   524 | D:1      | Reached XP level 2. HP: 12/14 MP: 5/5
   810 | D:1      | Reached skill level 5 in Evocations
   927 | D:2      | Noticed Robin
   930 | D:1      | Slain by a goblin

Action                   || total
-------------------------++-------
Melee: Short sword       ||    52
Evoke: Wand              ||     1
 Stab: Sleeping          ||     1
